 Dungeon Crawl Stone Soup version 0.22-a0-223-g0f5d773 (webtiles) character file.

75 Amnesiac the Shooter (level 4, -1/37 HPs)
             Began as a Centaur Hunter on Feb 18, 2018.
             Slain by a goblin
             ... wielding a +0 club
              (3 damage)
             ... on level 3 of the Dungeon.
             The game lasted 00:04:22 (1730 turns).

Amnesiac the Shooter (Centaur Hunter)               Turns: 1730, Time: 00:04:22

Health: -1/37      AC:  4    Str: 17    XL:     4   Next: 11%
Magic:  4/4        EV:  9    Int: 10    God:
Gold:   69         SH:  0    Dex: 10    Spells: 3/3 levels left

rFire    . . .     SeeInvis .   b - +0 short sword
rCold    . . .     Gourm    .   (no shield)
rNeg     . . .     Faith    .   c - +0 leather armour
rPois    .         Spirit   .   (helmet restricted)
rElec    .         Reflect  .   (no cloak)
rCorr    .         Harm     .   (no gloves)
MR       .....                  (no barding)
Stlth    +.........             (no amulet)
HPRegen  0.12/turn              (no ring)
MPRegen  0.09/turn              (no ring)

@: lethally poisoned (-1 -> -7), very quick
A: large, hooves 3, horns 1, deformed body, speed 2, strong 1, tough skin 3
a: no special abilities


You were on level 3 of the Dungeon.
You were not hungry.

You visited 1 branch of the dungeon, and saw 4 of its levels.

You collected 69 gold pieces.

Inventory:

Hand Weapons
 a - a +1 shortbow
 b - a +0 short sword (weapon)
 g - a +3 blowgun
Missiles
 d - 37 arrows
 e - 8 poisoned needles
 q - 45 stones (quivered)
Armour
 c - a +0 leather armour (worn)
Jewellery
 m - an uncursed ring of fire {unknown}
 o - an uncursed ring of resist corrosion {unknown}
Scrolls
 j - a scroll of remove curse {!r}
 k - a scroll of fog {!r, unknown}
 p - a scroll of amnesia {!r}
 r - a scroll of enchant weapon {!r}
Potions
 h - a potion of resistance {!q, unknown}
 i - 3 potions of curing {!q, unknown}
 l - a potion of agility {!q, unknown}
 n - a potion of flight {!q, unknown}
Comestibles
 f - 2 rations


   Skills:
 + Level 2.9 Fighting
 * Level 6.9 Bows
 - Level 1.3 Dodging
 - Level 0.4 Stealth


You had 3 spell levels left.
You didn't know any spells.

Dungeon Overview and Level Annotations

Branches:
Dungeon (4/15)
 Temple: D:4-7

Altars:
Okawaru
Ru

Annotations:
D:3 PeterLawrence's ghost, amateur GnWn


Innate Abilities, Weirdness & Mutations

You have hooves in place of feet.
Armour fits poorly on your strangely shaped body.
You cover ground very quickly.
You have extremely tough skin. (AC +3)
You have a pair of small horns on your head.
Your muscles are strong. (Str +2)


Message History

The kobold hits you.
You closely miss the kobold. The kobold hits you.
Your leather armour prevents you from hitting the kobold.
The kobold barely misses you.
You barely miss the kobold.
You kill the kobold!
No target in view!
You see here a kobold corpse.
All of the chunks of flesh in your inventory have rotted away.
Done exploring.
No target in view!
Done exploring.
No target in view!
Done exploring.
No target in view!
Done exploring.
You see here a kobold skeleton.
There is a stone staircase leading down here.
You climb downwards.
There is a stone staircase leading up here.
You open the door.
PeterLawrence's ghost (amateur Gnoll Wanderer) comes into view.
Press: ? - help, v - describe, . - travel
Here: PeterLawrence's ghost An open door.
PeterLawrence's ghost says, "You cannot hurt me!"
PeterLawrence's ghost hits you! PeterLawrence's ghost hits you!
There is an open door here.
A bat and a goblin come into view.
The goblin shouts!
You hear a shout!
Found a sacrificial altar of Ru and an iron altar of Okawaru.
Found a scroll labeled IMMUUDD TUTSAE.
Found a faded altar of an unknown god.
A kobold comes into view.
The kobold shouts!
The bat hits you but does no damage.
You see here a scroll labeled IMMUUDD TUTSAE {!r}.
k - a scroll labeled IMMUUDD TUTSAE {!r} The bat misses you.
The bat closely misses you.
Found a faded altar of an unknown god.
The bat hits you but does no damage.
The kobold wields a blowgun.
The kobold shoots a poisoned needle.
The poisoned needle hits you!
You are poisoned.
You feel sick. The bat hits you.
The kobold unwields an uncursed blowgun.
The kobold closely misses you.
You feel sick. The bat barely misses you.
PeterLawrence's ghost hits you but does no damage.
The bat hits you but does no damage. The kobold hits you.
* * * LOW HITPOINT WARNING * * *
You hit the bat.
You kill the bat!
You feel sick. The kobold hits you.
* * * LOW HITPOINT WARNING * * *
PeterLawrence's ghost hits you!
* * * LOW HITPOINT WARNING * * *
You closely miss the goblin.
* * * LOW HITPOINT WARNING * * *
You feel sick. The kobold hits you.
* * * LOW HITPOINT WARNING * * *
The goblin hits you with a club.
You die...

#..<.........#
###...######.# ##.##
#.# #.. # #### ##_
###...####
......K@W##
.##...##g.### _. #_.
##.._#
#..#######..###
#....g....#########.#
#####.#####..<.......
#'#.....#########
#...##### #####


You could see PeterLawrence's ghost, a goblin and a kobold.

Vanquished Creatures
  4 adders
  A dart slug (D:1)
  4 bats
  2 giant cockroaches
  4 goblins
  5 hobgoblins
  2 quokkas (D:2)
  9 kobolds
  6 rats
37 creatures vanquished.

Notes
Turn   | Place    | Note
-------+----------+-------------------------------------------
     0 | D:1      | Amnesiac the Centaur Hunter began the quest for the Orb.
     0 | D:1      | Reached XP level 1. HP: 17/17 MP: 1/1
    84 | D:2      | Reached XP level 2. HP: 24/24 MP: 2/2
   114 | D:3      | Reached skill level 6 in Bows
   126 | D:3      | Reached XP level 3. HP: 11/30 MP: 3/3
   835 | D:1      | Gained mutation: You have a pair of small horns on your head. [potion of mutation]
   835 | D:1      | Gained mutation: Your muscles are strong. (Str +2) [potion of mutation]
  1304 | D:2      | Reached XP level 4. HP: 32/37 MP: 4/4
  1708 | D:3      | Noticed PeterLawrence's ghost (amateur GnWn)
  1716 | D:3      | Found a sacrificial altar of Ru.
  1716 | D:3      | Found an iron altar of Okawaru.
  1721 | D:3      | Found a faded altar of an unknown god.
  1724 | D:3      | Found a faded altar of an unknown god.
  1730 | D:3      | Slain by a goblin

Vault maps used:
D:1:      saegor_arrival_simple_b
D:3:      chequers_temple_overflow_minitemple
D:4:      gammafunk_temple_overflow_wave, first_ration, st_stairs_3

Skill      XL: |  1  2 |
---------------+-------+-----
Bows           | 6 |  6.9
Fighting       | |  2.9
Dodging        | |  1.3
Stealth        | |  0.4

Action                   |  1- 3 |  4- 6 || total
-------------------------+-------+-------++-------
Melee: Short sword       |    52 |    22 ||    74
       Kick              |    11 |     3 ||    14
       Headbutt          |     3 |     1 ||     4
       Blowgun           |     2 |       ||     2
 Fire: Shortbow          |    18 |       ||    18
       Blowgun           |    21 |       ||    21
  Use: Scroll            |     6 |     2 ||     8
       Potion            |     1 |       ||     1
  Eat: Chunk             |       |     1 ||     1
Armor: Leather armour    |    32 |    10 ||    42
Dodge: Dodged            |    40 |    10 ||    50

Table legend:
 A = Spawn XP
 B = Non-spawn XP
 C = Spawn XP percentage of total XP
 D = Spawn monster count
 E = Non-spawn monster count
 F = Spawn count percentage of total count
 G = Total turns spent on level
                    A         B        C        D         E        F      G
               +---------+---------+-------+---------+---------+-------+---------
         Total |       0 |     108 |   0.0 |       0 |      37 |   0.0 |  1730
               +---------+---------+-------+---------+---------+-------+---------
           D:1 |       0 |      25 |   0.0 |       0 |      14 |   0.0 |   523
           D:2 |       0 |      35 |   0.0 |       0 |      13 |   0.0 |   817
           D:3 |       0 |      48 |   0.0 |       0 |      10 |   0.0 |   319
               +---------+---------+-------+---------+---------+-------+---------
